 Dungeon Crawl Stone Soup version 0.19-a0-36-g4a0968a (webtiles) character file.

894 M4edhros the Martial Artist (level 8, 0/46 HPs)
             Began as an Octopode Necromancer on May 3, 2016.
             Was a Follower of Cheibriados.
             Slain by a killer bee (5 damage)
             ... on level 7 of the Dungeon.
             The game lasted 00:12:10 (2036 turns).

M4edhros the Martial Artist (Octopode Necromancer)  Turns: 2036, Time: 00:12:11

Health: 0/46       AC:  1    Str: 10    XL:     8   Next: 6%
Magic:  7/11       EV: 18    Int: 19    God:    Cheibriados [*.....]
Gold:   213        SH:  0    Dex: 26    Spells: 4 memorised, 2 levels left

rFire  . . .     SeeInvis .       - Unarmed
rCold  . . .     Gourm    .     (no shield)
rNeg   . . .     Faith    .     i - +0 hat
rPois  .         Spirit   .     n - amulet of dismissal
rElec  .         Dismiss  +     e - +5 ring of dexterity
rCorr  .         Reflect  .     (no ring)
SustAt .         Harm     .     (no ring)
MR     .....                    (no ring)
Stlth  +++++.....               (no ring)
                                (no ring)
                                (no ring)
                                (no ring)

@: agile, lethally poisoned (0 -> -1), regenerating (expiring), very slow, not
resistant to hostile enchantments, quite stealthy
A: almost no armour, amphibious, 8 rings, constrict 8, camouflage 1, gelatinous
body 1
a: Bend Time, Renounce Religion


You were on level 7 of the Dungeon.
You worshipped Cheibriados.
Cheibriados was aware of your devotion.
You were very hungry.

You visited 2 branches of the dungeon, and saw 9 of its levels.

You collected 213 gold pieces.

Inventory:

Hand Weapons
 k - a +0 blowgun
 p - a +1 whip of venom
Missiles
 l - 30 poisoned needles
 y - 2 throwing nets (quivered)
Armour
 i - a +0 hat (worn)
Jewellery
 e - a +5 ring of dexterity (left tentacle)
 m - an uncursed ring of ice
 n - an amulet of dismissal (around mantle)
Wands
 q - a wand of polymorph (10/24)
Scrolls
 f - 2 scrolls of remove curse
 g - a scroll of identify
 o - 2 scrolls of blinking
 u - a scroll of fear
 v - a scroll of immolation {unknown}
Potions
 d - 2 potions of heal wounds
 h - 3 potions of agility
 j - a potion of might
 r - a potion of brilliance {unknown}
 w - a potion of cancellation {unknown}
Books
 a - a book of Necromancy

   Spells                             Type                      Level
   a - Pain                           Necromancy                   1
   b - Animate Skeleton               Necromancy                   1
   c - Vampiric Draining              Necromancy                   3
   d - Regeneration                   Charms/Necromancy            3
   e - Animate Dead                   Necromancy                   4
   f - Control Undead                 Necromancy                   4
 x - a book of Ice

   Spells                             Type                      Level
   a - Ice Form                       Ice/Transmutation            4
   b - Metabolic Englaciation         Hexes/Ice                    5
   c - Ozocubu's Refrigeration        Ice                          6
   d - Bolt of Cold                   Conjuration/Ice              6
   e - Freezing Cloud                 Conjuration/Ice/Air          6
   f - Simulacrum                     Ice/Necromancy               6
Comestibles
 b - 5 bread rations
 c - 4 meat rations
 s - 2 fruits
 t - 9 beef jerkies


   Skills:
 - Level 2.0 Dodging
 - Level 2.6 Stealth
 + Level 8.4 Unarmed Combat
 - Level 2.0 Spellcasting
 - Level 4.0 Necromancy
 + Level 2.2 Transmutations


You had 2 spell levels left.
You knew the following spells:

 Your Spells              Type           Power        Failure   Level  Hunger
a - Pain                  Necr           ###.         3%          1    #......
b - Animate Skeleton      Necr           N/A          3%          1    #......
c - Ice Form              Ice/Trmt       #.......     91%         4    #####..
r - Regeneration          Chrm/Necr      #.........   21%         3    ###....


Dungeon Overview and Level Annotations

Branches:
Dungeon (8/15)             Temple (1/1) D:5
   Lair: D:8-11

Altars:
Ashenzari
Cheibriados
Dithmenos
Elyvilon
Fedhas
Gozag
Kikubaaqudgha
Makhleb
Nemelex Xobeh
Pakellas
Qazlal
Ru
Trog
Vehumet
Xom
Yredelemnul
Zin
The Shining One


Innate Abilities, Weirdness & Mutations

You cannot wear most types of armour.
You are amphibious.
You can wear up to eight rings at the same time.
You can use your tentacles to constrict eight enemies at once.
Your skin changes colour to match your surroundings (Stealth).
Your rubbery body absorbs attacks (AC +1).


Message History

You tentacle-slap the killer bee. You grab the killer bee.
The killer bee is lightly wounded.
You constrict the killer bee.
The killer bee stings your human skeleton.
The killer bee stings your human skeleton!
Your human skeleton is destroyed!
The killer bee barely misses you. The killer bee stings you.
Unknown command.
You bludgeon the killer bee! Your grab misses the killer bee.
Your tentacle-slap misses the killer bee.
You squeeze the killer bee!
The killer bee is almost dead.
You constrict the killer bee. The killer bee stings you!
* * * LOW HITPOINT WARNING * * *
You are poisoned.
The killer bee poisons you! The killer bee stings you.
* * * LOW HITPOINT WARNING * * *
Your elf skeleton hits the orc.
The killer bee closely misses you. The orc barely misses you.
The killer bee stings you.
You die...

##########(....#
#######.....#
#....##'######
#####..............
#..................
#..................
#..................
#......Z...........
#)....yo@##+####...
.......yy# ...
........o.
......#....
......#.....
......#...... ...#
#....... ...
#####.###


You could see 3 killer bees, 2 orcs and a friendly elf skeleton.

Vanquished Creatures
  2 orc warriors
  An ogre (D:7)
  2 giant frogs
  A howler monkey (D:6)
  2 crimson imps (D:6)
  2 centaur zombies
  A centaur skeleton (D:6)
  A giant frog skeleton (D:6)
  An iguana (D:4)
  An orc wizard (D:4)
  A worker ant (D:6)
  A hound skeleton (D:4)
  4 adders
  2 shadow imps
  3 oozes
  2 adder zombies (D:6)
  A worm (D:3)
  2 dart slugs
  2 giant geckos
  12 orcs
  6 bats
  5 giant cockroaches
  2 goblins
  8 hobgoblins
  2 quokkas
  A ball python (D:3)
  5 giant newts
  5 kobolds
  5 rats
83 creatures vanquished.

Vanquished Creatures (collateral kills)
  An orc priest (D:6)
  An iguana (D:4)
  A shadow imp (D:6)
  A giant gecko (D:4)
  2 orcs (D:4)
  A bat (D:3)
  A goblin (D:3)
  A kobold (D:3)
  A rat (D:3)
10 creatures vanquished.

Grand Total: 93 creatures vanquished

Notes
Turn   | Place    | Note
--------------------------------------------------------------
     0 | D:1      | M4edhros the Octopode Necromancer began the quest for the Orb.
     0 | D:1      | Reached XP level 1. HP: 11/11 MP: 3/3
    37 | D:1      | Learned a level 1 spell: Animate Skeleton
    53 | D:1      | Reached skill level 1 in Unarmed Combat
   250 | D:1      | Reached XP level 2. HP: 16/17 MP: 1/5
   259 | D:1      | Reached skill level 2 in Unarmed Combat
   415 | D:2      | Reached XP level 3. HP: 9/21 MP: 2/6
   420 | D:2      | Learned a level 3 spell: Regeneration
   562 | D:3      | Reached skill level 3 in Unarmed Combat
   674 | D:3      | Reached XP level 4. HP: 21/27 MP: 0/7
   766 | D:3      | Reached skill level 4 in Unarmed Combat
   964 | D:4      | Reached XP level 5. HP: 31/31 MP: 6/8
   983 | D:4      | Reached skill level 5 in Unarmed Combat
  1221 | D:5      | Entered Level 5 of the Dungeon
  1263 | D:5      | Found a staircase to the Ecumenical Temple.
  1271 | D:5      | Reached XP level 6. HP: 17/36 MP: 3/9
  1281 | Temple   | Entered the Ecumenical Temple
  1323 | Temple   | Became a worshipper of Cheibriados the Contemplative
  1407 | D:5      | Reached skill level 6 in Unarmed Combat
  1500 | D:6      | Reached skill level 7 in Unarmed Combat
  1500 | D:6      | Reached XP level 7. HP: 40/41 MP: 2/10
  1688 | D:6      | Reached skill level 8 in Unarmed Combat
  1695 | D:6      | Learned a level 4 spell: Ice Form
  1889 | D:7      | You fall through a shaft!
  1952 | D:7      | Reached * piety under Cheibriados
  1973 | D:7      | Reached skill level 1 in Transmutations
  2034 | D:7      | Reached XP level 8. HP: 20/46 MP: 7/11
  2036 | D:7      | Slain by a killer bee

Vault maps used:
D:1:      dpeg_arrival_houses_and_road
D:2:      okawaru_trees_2
D:4:      first_bread, trog_book
D:5:      lemuel_coloured_pillars_altar, minmay_temple_entry_grid
D:7:      grunt_ogre_cave
D:8:      erik_lair_orcish_takeover, uniq_psyche
Temple:   kilobyte_greek_temple_18

Skill      XL: |  1  2  3  4  5  6  7 |
---------------+----------------------+-----
Unarmed Combat | 1 2 3 4 5 7 8 |  8.4
Transmutations | 2 |  2.2
Dodging        | |  2.0
Stealth        | |  2.6
Spellcasting   | |  2.0
Necromancy     | |  4.0

Action                   |  1- 3 |  4- 6 |  7- 9 || total
-------------------------+-------+-------+-------++-------
Melee: Unarmed           |    51 |    87 |    53 ||   191
       Constrict         |    16 |    28 |    12 ||    56
       Tentacles         |    11 |    23 |    15 ||    49
       Punch             |     1 |     1 |     6 ||     8
 Fire: Blowgun           |       |     6 |       ||     6
 Cast: Pain              |    29 |     2 |       ||    31
       Animate Skeleton  |     6 |    13 |     5 ||    24
       Regeneration      |     4 |    12 |     3 ||    19
  Use: Potion            |     1 |     2 |     2 ||     5
       Scroll            |       |     5 |     2 ||     7
 Stab: Sleeping          |     2 |     2 |     1 ||     5
       Distracted        |       |     1 |       ||     1
  Eat: Chunk             |       |     5 |     2 ||     7
Armor: Skin              |     1 |    11 |       ||    12
Dodge: Dodged            |    29 |    53 |    25 ||   107
